 Dungeon Crawl Stone Soup version 0.21-a0-372-gd0ff781 (webtiles) character file.

2558 Jannitor the Magician (level 9, -3/63 HPs)
             Began as a Gnoll Skald on Oct 17, 2017.
             Slain by an orc
             ... wielding a +2 hand axe of electrocution
              (12 damage)
             ... on level 6 of the Dungeon.
             The game lasted 00:15:36 (5449 turns).

Jannitor the Magician (Gnoll Skald)                 Turns: 5449, Time: 00:15:36

Health: -3/63      AC: 12    Str: 13    XL:     9   Next: 56%
Magic:  19/19      EV: 14    Int: 19    God:    Xom [..*...]
Gold:   257        SH:  0    Dex: 15    Spells: 9/21 levels left

rFire    . . .     SeeInvis .   o - +1 halberd
rCold    . . .     Gourm    .   (shield currently unavailable)
rNeg     . . .     Faith    .   t - +0 ring mail
rPois    .         Spirit   .   H - +1 helmet
rElec    .         Reflect  .   D - +0 cloak
rCorr    .         Harm     .   (no gloves)
MR       .....     Clarity  +   u - +2 pair of boots
Stlth    ++........             j - amulet of regeneration
HPRegen  0.60/turn              (no ring)
MPRegen  0.16/turn              (no ring)

@: no status effects
A: distributed training, fangs 1, talons 1, clarity, frail 1, screaming 1,
strong nose
a: Renounce Religion


You were on level 6 of the Dungeon.
You worshipped Xom.
You were a toy of Xom.
You were not hungry.

You visited 1 branch of the dungeon, and saw 7 of its levels.

You collected 275 gold pieces.
You spent 18 gold pieces at shops.

Inventory:

Hand Weapons
 a - a +0 spear
 o - a +1 halberd (weapon)
Missiles
 i - 6 poisoned javelins (quivered)
Armour
 b - a +0 leather armour
 t - a +0 ring mail (worn)
 u - a +2 pair of boots (worn)
 D - a +0 cloak (worn)
 H - a +1 helmet (worn)
 I - the +0 large shield of Myrchuseu {Str+3, unknown}
   (You found it on level 7 of the Dungeon)

   It affects your strength (+3).
Jewellery
 h - an uncursed amulet of the gourmand {unknown}
 j - an amulet of regeneration (around neck)
 m - an uncursed ring of protection from magic {unknown}
 y - an uncursed amulet of harm
 J - an uncursed ring of protection from magic {unknown}
 L - an uncursed ring of stealth {unknown}
 M - a +2 amulet of reflection {unknown}
Wands
 C - a wand of digging (19/24)
Scrolls
 k - 2 scrolls of fear
 n - a scroll of remove curse
 p - a scroll of fog
 v - a scroll of enchant armour
 w - 2 scrolls of recharging
 z - a scroll of magic mapping
 A - 2 scrolls of enchant weapon
 N - a scroll of teleportation {unknown}
Potions
 e - 2 potions of lignification
 l - 2 potions of curing
 r - a potion of berserk rage
 s - 2 potions of heal wounds
 x - 2 potions of might
 B - a potion of magic {unknown}
 E - a potion of agility
 G - a potion of degeneration {unknown}
Books
 c - a book of Battle

   Spells                             Type                      Level
   a - Infusion                       Charms                       1
   b - Shroud of Golubria             Charms/Translocation         2
   c - Song of Slaying                Charms                       2
   d - Spectral Weapon                Hexes/Charms                 3
   e - Regeneration                   Charms/Necromancy            3
 F - a book of Necromancy

   Spells                             Type                      Level
   a - Pain                           Necromancy                   1
   b - Animate Skeleton               Necromancy                   1
   c - Vampiric Draining              Necromancy                   3
   d - Regeneration                   Charms/Necromancy            3
   e - Animate Dead                   Necromancy                   4
   f - Control Undead                 Necromancy                   4
Comestibles
 d - 5 bread rations
 f - 3 fruits
 g - 3 royal jellies
 q - 3 meat rations
 K - 4 chunks of flesh


   Skills:
 + Level 6.3 Fighting
 + Level 4.3 Short Blades
 + Level 4.3 Long Blades
 + Level 4.3 Axes
 + Level 4.3 Maces & Flails
 + Level 6.3 Polearms
 + Level 4.3 Staves
 + Level 4.3 Slings
 + Level 4.3 Bows
 + Level 4.3 Crossbows
 + Level 4.3 Throwing
 + Level 5.1 Armour
 + Level 6.3 Dodging
 + Level 4.3 Stealth
 + Level 4.3 Shields
 + Level 4.3 Unarmed Combat
 + Level 6.6 Spellcasting
 + Level 3.5 Conjurations
 + Level 3.5 Hexes
 + Level 6.6 Charms
 + Level 3.5 Summonings
 + Level 3.5 Necromancy
 + Level 3.5 Translocations
 + Level 3.5 Transmutations
 + Level 3.5 Fire Magic
 + Level 3.5 Ice Magic
 + Level 3.5 Air Magic
 + Level 3.5 Earth Magic
 + Level 3.5 Poison Magic
 + Level 4.7 Invocations
 + Level 4.3 Evocations


You had 9 spell levels left.
You knew the following spells:

 Your Spells              Type           Power        Failure   Level  Hunger
a - Infusion              Chrm           ####         1%          1    None
b - Song of Slaying       Chrm           ####....     1%          2    None
c - Shroud of Golubria    Chrm/Tloc      ####......   3%          2    None
d - Regeneration          Chrm/Necr      ####......   8%          3    ##.....
e - Spectral Weapon       Hex/Chrm       ####....     8%          3    ##.....
f - Animate Skeleton      Necr           N/A          4%          1    None


Dungeon Overview and Level Annotations

Branches:
Dungeon (7/15)             Temple (0/1) D:4

Altars:
Xom

Shops:
D:7 [


Innate Abilities, Weirdness & Mutations

Your experience applies equally to all skills.
You have very sharp teeth.
Your uncanny sense of smell can sniff out nearby items.
You have sharp toenails.
You possess an exceptional clarity of mind.
You are frail. (-10% HP)
You occasionally shout uncontrollably at your foes.


Message History

Attack whom?
Press: ? - help, Dir - move target cursor, f - orc
Aim: an orc, wielding a hand axe of electrocution You barely miss the orc.
You bite the orc.
The orc is lightly wounded.
The orc completely misses you.
You barely miss the orc.
The orc is lightly wounded.
The orc hits you but does no damage. The orc misses you.
You barely miss the orc.
The orc is lightly wounded.
The orc hits you with a hand axe of electrocution.
You are electrocuted!
* * * LOW HITPOINT WARNING * * *
You hit the orc. Your bite misses the orc.
The orc is heavily wounded.
The orc hits you with a hand axe of electrocution.
* * * LOW HITPOINT WARNING * * *
You are electrocuted!
You die...

#.# #.# #..# #.## #.# #.#
.######..###.# #.# #.#
.............# #.# #.#####
..#####..##..# #.# #.#...
.............## #.#
#.#.### ..#####........
#.# #.....# ..# #.†##.###
#.# #.....###).#####..##.#
#.###.....Z@oo........##.#
#.##......(###$####.#.....
#.#.........# # #......
#...........# #####
###.........# ##.......##
##.....## ##...## #####


You could see 2 orcs and a friendly orc wizard skeleton.

Vanquished Creatures
  Prince Ribbit (D:6)
  A hippogriff (D:7)
  Sigmund (D:2)
  Menkaure (D:5)
  2 orc warriors (D:6)
  A phantom (D:5)
  An ice beast (D:5)
  2 ogres
  A centaur (D:7)
  3 bullfrogs
  A wyvern skeleton (D:7)
  A scorpion (D:4)
  3 howler monkeys
  A quasit (D:7)
  8 orc wizards
  3 orc priests
  A bullfrog skeleton (D:4)
  4 worker ants
  A hound skeleton (D:5)
  A howler monkey zombie (D:5)
  4 gnolls (D:2)
  A howler monkey skeleton (D:4)
  5 adders
  An adder skeleton (D:4)
  An adder zombie (D:5)
  5 worms
  A dart slug (D:1)
  7 leopard geckos
  21 orcs
  5 giant cockroaches
  9 goblins
  6 hobgoblins
  4 jackals (D:2)
  2 quokkas
  4 ball pythons (D:4)
  12 bats
  6 frilled lizards
  6 kobolds
  A quokka skeleton (D:6)
  10 rats
  3 fungi (D:4)
152 creatures vanquished.

Vanquished Creatures (collateral kills)
  A bullfrog (D:7)
  3 scorpions (D:4)
  An orc wizard (D:7)
  A worker ant (D:7)
  A hound zombie (D:7)
  4 orcs
  2 bats (D:4)
13 creatures vanquished.

Vanquished Creatures (others)
  A shadow imp (D:5)
  2 fungi (D:4)
  A spectral weapon (D:6)
4 creatures vanquished.

Grand Total: 169 creatures vanquished

Notes
Turn   | Place    | Note
-------+----------+-------------------------------------------
     0 | D:1      | Jannitor the Gnoll Skald began the quest for the Orb.
     0 | D:1      | Reached XP level 1. HP: 20/20 MP: 6/6
    48 | D:1      | Reached XP level 2. HP: 15/26 MP: 1/7
   612 | D:1      | Reached XP level 3. HP: 31/31 MP: 9/9
   706 | D:1      | Learned a level 2 spell: Song of Slaying
   709 | D:1      | Learned a level 2 spell: Shroud of Golubria
   713 | D:1      | Learned a level 3 spell: Regeneration
   717 | D:1      | Learned a level 3 spell: Spectral Weapon
   742 | D:2      | Noticed Sigmund
   757 | D:1      | Reached skill level 5 in Spellcasting
   925 | D:2      | Reached skill level 1 in Invocations
  1012 | D:2      | Reached skill level 1 in Short Blades
  1012 | D:2      | Reached skill level 1 in Long Blades
  1012 | D:2      | Reached skill level 1 in Axes
  1012 | D:2      | Reached skill level 1 in Maces & Flails
  1012 | D:2      | Reached skill level 1 in Staves
  1012 | D:2      | Reached skill level 1 in Slings
  1012 | D:2      | Reached skill level 1 in Bows
  1012 | D:2      | Reached skill level 1 in Crossbows
  1012 | D:2      | Reached skill level 1 in Throwing
  1012 | D:2      | Reached skill level 1 in Stealth
  1012 | D:2      | Reached skill level 1 in Shields
  1012 | D:2      | Reached skill level 1 in Unarmed Combat
  1012 | D:2      | Reached skill level 1 in Evocations
  1099 | D:2      | Reached XP level 4. HP: 38/38 MP: 11/11
  1164 | D:2      | Killed Sigmund
  1164 | D:2      | Reached skill level 1 in Conjurations
  1164 | D:2      | Reached skill level 1 in Hexes
  1164 | D:2      | Reached skill level 1 in Summonings
  1164 | D:2      | Reached skill level 1 in Necromancy
  1164 | D:2      | Reached skill level 1 in Translocations
  1164 | D:2      | Reached skill level 1 in Transmutations
  1164 | D:2      | Reached skill level 1 in Fire Magic
  1164 | D:2      | Reached skill level 1 in Ice Magic
  1164 | D:2      | Reached skill level 1 in Air Magic
  1164 | D:2      | Reached skill level 1 in Earth Magic
  1164 | D:2      | Reached skill level 1 in Poison Magic
  1164 | D:2      | Reached XP level 5. HP: 19/43 MP: 8/12
  1300 | D:2      | Reached XP level 6. HP: 50/50 MP: 13/13
  1737 | D:2      | Found a faded altar of an unknown god.
  1745 | D:2      | Became a worshipper of Xom of Chaos
  1792 | D:2      | XOM: harmless Hex miscast
  1988 | D:3      | Reached skill level 5 in Fighting
  1988 | D:3      | Reached skill level 5 in Polearms
  1988 | D:3      | Reached skill level 5 in Dodging
  1997 | D:3      | XOM: silly message
  2070 | D:3      | XOM: cast spell 'Summon Ice Beast'
  2526 | D:3      | XOM: cloud trail
  2568 | D:3      | Reached XP level 7. HP: 43/56 MP: 12/15
  2655 | D:4      | XOM: confuse monster(s)
  2703 | D:4      | XOM: cloud trail
  2734 | D:4      | Found a staircase to the Ecumenical Temple.
  3096 | D:4      | XOM: scenery: create altars
  3098 | D:4      | XOM: 3-stop teleportation journey
  3232 | D:4      | XOM: summons 4 friendly demons
  3458 | D:5      | Entered Level 5 of the Dungeon
  3498 | D:5      | XOM: cleaving
  3499 | D:5      | XOM: scenery: 1 doors open
  3500 | D:5      | Reached XP level 8. HP: 45/63 MP: 12/16
  3545 | D:5      | Noticed Menkaure
  3548 | D:5      | XOM: divine lightning
  3552 | D:5      | Killed Menkaure
  3627 | D:5      | XOM: summons 5 friendly demons
  3781 | D:5      | XOM: 2-stop teleportation journey
  4093 | D:5      | XOM is BORED!
  4093 | D:5      | XOM: give mutations
  4093 | D:5      | Gained mutation: You occasionally shout uncontrollably at your foes. [Xom's mischief]
  4093 | D:5      | Gained mutation: You are frail. (-10% HP) [Xom's mischief]
  4093 | D:5      | Gained mutation: You have sharp toenails. [Xom's mischief]
  4342 | D:6      | Noticed Prince Ribbit
  4345 | D:6      | XOM: swap monsters
  4347 | D:6      | XOM: harmless Necr miscast
  4349 | D:6      | XOM: mild Chrm miscast
  4350 | D:6      | XOM: give mutation
  4350 | D:6      | Gained mutation: You possess an exceptional clarity of mind. [Xom's mischief]
  4352 | D:6      | XOM: cleaving
  4352 | D:6      | Killed Prince Ribbit
  4387 | D:6      | XOM: fog
  4420 | D:7      | Noticed a hippogriff
  4426 | D:7      | XOM: noise
  4426 | D:7      | Killed a hippogriff
  4426 | D:7      | Reached XP level 9. HP: 31/62 MP: 10/18
  4497 | D:7      | Learned a level 1 spell: Animate Skeleton
  4661 | D:7      | Found Ebla's Armour Shop.
  4687 | D:7      | Bought a cursed +0 helmet for 18 gold pieces
  4784 | D:7      | Got a translucent large shield
  5191 | D:7      | XOM: stat loss: -1 Int (18/19)
  5314 | D:6      | Reached skill level 5 in Armour
  5449 | D:6      | Slain by an orc

Vault maps used:
D:1:      minmay_arrival_five_plusses
D:2:      first_bread, chequers_ecumenical_altar_twisty, st_stairs_11,
          uniq_sigmund
D:3:      minmay_misc_feat_nine_boxes
D:4:      old_forge, minmay_temple_entry_mist
D:5:      uniq_menkaure
D:6:      uniq_prince_ribbit1
D:7:      serial_shops, shop_fountains

Skill      XL: |  1  2  3  4  5  6  7  8  9 |
---------------+----------------------------+-----
Spellcasting   | 5 6 |  6.6
Invocations    | 1 2 3 4 |  4.7
Short Blades   | 1 2 3 4 |  4.3
Long Blades    | 1 2 3 4 |  4.3
Axes           | 1 2 3 4 |  4.3
Maces & Flails | 1 2 3 4 |  4.3
Staves         | 1 2 3 4 |  4.3
Slings         | 1 2 3 4 |  4.3
Bows           | 1 2 3 4 |  4.3
Crossbows      | 1 2 3 4 |  4.3
Throwing       | 1 2 3 4 |  4.3
Stealth        | 1 2 3 4 |  4.3
Shields        | 1 2 3 4 |  4.3
Unarmed Combat | 1 2 3 4 |  4.3
Evocations     | 1 2 3 4 |  4.3
Armour         | 3 4 5 |  5.1
Conjurations   | 1 2 3 |  3.5
Hexes          | 1 2 3 |  3.5
Summonings     | 1 2 3 |  3.5
Necromancy     | 1 2 3 |  3.5
Translocations | 1 2 3 |  3.5
Transmutations | 1 2 3 |  3.5
Fire Magic     | 1 2 3 |  3.5
Ice Magic      | 1 2 3 |  3.5
Air Magic      | 1 2 3 |  3.5
Earth Magic    | 1 2 3 |  3.5
Poison Magic   | 1 2 3 |  3.5
Fighting       | 5 6 |  6.3
Polearms       | 5 6 |  6.3
Dodging        | 5 6 |  6.3
Charms         | 6 |  6.6

Action                   |  1- 3 |  4- 6 |  7- 9 || total
-------------------------+-------+-------+-------++-------
Melee: Spear             |   193 |    99 |       ||   292
       Bite              |    15 |     8 |    28 ||    51
       Halberd           |       |    46 |   308 ||   354
 Cast: Infusion          |     1 |       |       ||     1
       Regeneration      |     3 |     1 |     2 ||     6
       Song of Slaying   |     2 |     4 |     5 ||    11
       Shroud of Golubri |     2 |     2 |     1 ||     5
       Spectral Weapon   |     1 |     5 |    10 ||    16
       Animate Skeleton  |       |       |     9 ||     9
  Use: Potion            |     1 |     1 |       ||     2
       Scroll            |       |       |    12 ||    12
 Stab: Sleeping          |     2 |     5 |     4 ||    11
       Confused          |       |       |     2 ||     2
  Eat: Chunk             |     1 |     5 |    11 ||    17
Armor: Leather armour    |    32 |    21 |       ||    53
       Skin              |    23 |       |       ||    23
       Ring mail         |       |     1 |    97 ||    98
Dodge: Dodged            |   108 |    96 |   181 ||   385

Table legend:
 A = Spawn XP
 B = Non-spawn XP
 C = Spawn XP percentage of total XP
 D = Spawn monster count
 E = Non-spawn monster count
 F = Spawn count percentage of total count
 G = Total turns spent on level
                    A         B        C        D         E        F      G
               +---------+---------+-------+---------+---------+-------+---------
         Total |       0 |    3655 |   0.0 |       0 |     163 |   0.0 |  5449
               +---------+---------+-------+---------+---------+-------+---------
           D:1 |       0 |      48 |   0.0 |       0 |      28 |   0.0 |   849
           D:2 |       0 |     359 |   0.0 |       0 |      31 |   0.0 |  1043
           D:3 |       0 |     284 |   0.0 |       0 |      21 |   0.0 |   746
           D:4 |       0 |     447 |   0.0 |       0 |      28 |   0.0 |   831
           D:5 |       0 |     845 |   0.0 |       0 |      17 |   0.0 |   750
           D:6 |       0 |     841 |   0.0 |       0 |      11 |   0.0 |   327
           D:7 |       0 |     831 |   0.0 |       0 |      27 |   0.0 |   903
               +---------+---------+-------+---------+---------+-------+---------
